 Dungeon Crawl Stone Soup version 0.24.1-11-gbbbb2193e6 (webtiles) character file.

Game seed: 12162861701356350463, levelgen mode: deterministic

98764 Curus the Bludgeoner (level 15, -4/155 HPs)
             Began as a Minotaur Monk on May 11, 2020.
             Was the Champion of Makhleb.
             Slain by an ettin
             ... wielding a +0 dire flail
              (24 damage)
             ... on level 14 of the Dungeon on May 12, 2020.
             The game lasted 02:21:48 (19288 turns).

Curus the Bludgeoner (Minotaur Monk)               Turns: 19288, Time: 02:21:49

Health: -4/155     AC: 25    Str: 16    XL:     15   Next: 75%
Magic:  0/25       EV:  7    Int:  7    God:    Makhleb [******]
Gold:   2353       SH:  0    Dex: 14    Spells: 14/14 levels left

rFire    . . .     SeeInvis .   K - +3 dire flail (freeze)
rCold    . . .     Gourm    .   (shield currently unavailable)
rNeg     . . .     Faith    .   T - +2 plate armour {MR+}
rPois    .         Spirit   +   (helmet restricted)
rElec    +         Reflect  .   i - -3 cloak "Myxaedgh" {rElec Dex-5 Slay+5 Stlth-}
rCorr    +         Harm     .   a - +1 pair of gloves
MR       +++..                  P - +2 pair of boots {Stlth+}
Stlth    ..........             o - amulet of guardian spirit
HPRegen  0.35/turn              y - ring of resist corrosion
MPRegen  0.19/turn              Q - ring of protection from magic

@: no status effects
A: retaliatory headbutt, beak, horns 2, talons 1, icy blue scales 1, robust 1
a: Minor Destruction, Lesser Servant of Makhleb, Major Destruction, Greater
Servant of Makhleb, Renounce Religion


You were on level 14 of the Dungeon.
You worshipped Makhleb.
Makhleb was exalted by your worship.
You were very hungry.

You visited 4 branches of the dungeon, and saw 24 of its levels.
You also visited: Sewer.

You collected 2824 gold pieces.
You spent 471 gold pieces at shops.

Inventory:

Hand Weapons
 B - a +0 vampiric morningstar
 J - a -1 demon whip
 K - a +3 dire flail of freezing (weapon)
 S - the +8 whip "Snakebite" {curare, rPois}
   (You found it on level 6 of the Lair of Beasts)

   It poisons the flesh of those it strikes.
   It protects you from poison.
 V - a +0 dire flail of holy wrath
Armour
 a - a +1 pair of gloves (worn)
 b - a +2 shield of protection
 i - the -3 cloak "Myxaedgh" (worn) {rElec Dex-5 Slay+5 Stlth-}
   (You found it on level 4 of the Dungeon)

   It affects your dexterity (-5).
   It affects your accuracy and damage with ranged weapons and melee attacks
   (+5).
   It insulates you from electricity.
   It makes you less stealthy.
 q - a +2 plate armour of poison resistance
 P - a +2 pair of boots of stealth (worn)
 T - a +2 plate armour of magic resistance (worn)
 W - a +3 plate armour of positive energy
 X - +0 fire dragon scales
Jewellery
 e - a -3 ring of protection
 l - an uncursed ring of magical power
 o - an amulet of guardian spirit (around neck)
 r - an uncursed amulet of the gourmand
 w - a +4 ring of evasion
 y - a ring of resist corrosion (left hand)
 L - an uncursed ring of poison resistance
 Q - a ring of protection from magic (right hand)
 U - the ring of Megalomania {Fire rPois MP-9 Int+4}
   (You found it on level 6 of the Lair of Beasts)

   [ring of fire]

   It enhances your fire magic.
   It affects your intelligence (+4).
   It protects you from fire.
   It makes you vulnerable to cold.
   It protects you from poison.
   It affects your magic capacity (-9).
 Y - a +4 ring of intelligence
Wands
 k - a wand of digging (4)
 s - a wand of paralysis (16)
 v - a wand of random effects (58)
 z - a wand of iceblast (3)
 E - a wand of disintegration (7)
 M - a wand of flame (36)
 N - a wand of acid (11)
Scrolls
 d - 28 scrolls of identify
 m - a scroll of blinking
 p - a scroll of enchant weapon
 u - 3 scrolls of fear
 x - 3 scrolls of magic mapping
 C - 5 scrolls of remove curse
 D - 3 scrolls of teleportation
 O - 4 scrolls of fog
Potions
 g - 5 potions of flight
 h - a potion of mutation
 j - 4 potions of curing
 n - a potion of agility
 F - 2 potions of brilliance
 G - 2 potions of heal wounds
 H - 3 potions of resistance
 I - 5 potions of haste
 R - a potion of ambrosia
 Z - 2 potions of invisibility
Comestibles
 c - 54 rations


   Skills:
 + Level 15.0 Fighting
 - Level 16.0 Maces & Flails
 + Level 14.6 Armour
 - Level 3.2 Dodging
 - Level 1.5 Stealth
 - Level 15.7 Invocations
 - Level 6.3 Evocations


You had 14 spell levels left.
You didn't know any spells.
Your spell library contained the following spells:

 Spells                   Type           Power        Failure   Level  Hunger
 Apportation              Tloc           #.....       100%        1    ##.....
 Freeze                   Ice            #...         100%        1    ##.....
 Magic Dart               Conj           #...         100%        1    ##.....
 Sandblast                Erth           #.....       100%        1    ##.....
 Summon Butterflies       Summ           #.......     100%        1    ##.....
 Blink                    Tloc           N/A          100%        2    ###....
 Call Imp                 Summ           #.......     100%        2    ###....
 Passwall                 Tmut/Erth      #.......     100%        2    ###....
 Slow                     Hex            #.......     100%        2    ###....
 Throw Frost              Conj/Ice       #.....       100%        2    ###....
 Conjure Flame            Conj/Fire      #.......     100%        3    ####...
 Ignite Poison            Fire/Tmut/Pois #.......     100%        3    ####...
 Lesser Beckoning         Tloc           #.........   100%        3    ####...
 Mephitic Cloud           Conj/Pois/Air  #.......     100%        3    ####...
 Ozocubu's Armour         Chrm/Ice       #.......     100%        3    ####...
 Stone Arrow              Conj/Erth      #.....       100%        3    ####...
 Tukima's Dance           Hex            #.......     100%        3    ####...
 Ice Form                 Ice/Tmut       #.......     100%        4    #####..
 Petrify                  Tmut/Erth      #.......     100%        4    #####..
 Summon Ice Beast         Ice/Summ       #.......     100%        4    #####..
 Throw Icicle             Conj/Ice       #.......     100%        4    #####..
 Alistair's Intoxication  Tmut/Pois      #.......     100%        5    ######.
 Fireball                 Conj/Fire      #.........   100%        5    ######.
 Lee's Rapid Deconstruct  Erth           #.........   100%        5    ######.
 Metabolic Englaciation   Hex/Ice        #.........   100%        5    ######.
 Bolt of Cold             Conj/Ice       #.........   100%        6    #######
 Bolt of Fire             Conj/Fire      #.........   100%        6    #######
 Freezing Cloud           Conj/Ice/Air   #.........   100%        6    #######
 Invisibility             Hex            #.......     100%        6    #######
 Ozocubu's Refrigeration  Ice            #.........   100%        6    #######
 Simulacrum               Ice/Necr       #.........   100%        6    #######
 Ring of Flames           Chrm/Fire      #.........   100%        7    #######
 Ignition                 Fire           #.........   100%        8    #######


Dungeon Overview and Level Annotations

Branches:
Dungeon (15/15)            Temple (1/1) D:4            Lair (6/6) D:11
  Swamp (0/4) Lair:4       Spider (0/4) Lair:4        Slime (0/5) Lair:6
    Orc (2/2) D:9             Elf (0/3) Orc:2        Vaults (0/5) D:14
 Depths (0/5) D:15          Sewer (visited)

Altars:
Ashenzari
Cheibriados
Dithmenos
Elyvilon
Fedhas
Gozag
Hepliaklqana
Kikubaaqudgha
Makhleb
Nemelex Xobeh
Qazlal
Ru
Trog
Wu Jian
Xom
Yredelemnul
Zin
Jiyva

Shops:
D:9 *   D:12 =   D:14 *   Orc:1 %   Orc:2 ([:*

Annotations:
D:15 Roxanne
Lair:6 1 runed translucent door, brucemayne's ghost, journeyman HOMo


Innate Abilities, Weirdness & Mutations

You reflexively headbutt those who attack you in melee.
You have a pair of horns on your head.
You have a beak for a mouth.
You have sharp toenails.
You are partially covered in icy blue scales. (AC +2)
You are robust. (+10% HP)


Message History

Your +0 dire flail of holy wrath stops glowing.
Your +3 dire flail of freezing glows with a cold blue light!
K - a +3 dire flail of freezing (weapon)
The ettin hits you with a +0 dire flail!!
The ettin hits you with a +0 dire flail.
You sock the ettin! You freeze the ettin!
The ettin is moderately wounded.
You hit the ettin. You freeze the ettin. You headbutt the ettin.
The ettin is heavily wounded.
The ettin hits you with a +0 dire flail!!
* * * LOW HITPOINT WARNING * * *
The ettin hits you with a +0 dire flail!!
* * * LOW HITPOINT WARNING * * *
Evoke which item? (* to show all) (? for menu, Esc to quit)
Aiming: Paralyse
Press: ? - help, Shift-Dir - straight line, f - ettin
Aim: an ettin, wielding two +0 dire flails (heavily wounded, chance to defeat MR: 48%)
The ettin resists with some effort.
The ettin hits you but does no damage.
The ettin hits you with a +0 dire flail!!
You die...

.......# #.### #.# ....#.##
#...# #.# ....#.# ####.##
##.## ......########.#...####
##...###
..............#.^.....#
#.......
..........####.#...##.#
#....###
#...#############.###.# #.#.##
#..## ##.8∩##.##.# #.# #.#.#
...# #.$.$.#YC@.###.## #.#.#
.#.#####8.$.$'c#####.#.###.#.#
.#.....#∩$8_$'..###.###.##...#
....####8.$$$'..##.## ##.#.###
....# #!$$$.#..#.## ##..#
....#####.8.##..##.## ##.#.#
........#######.##..###.##.#
###)###.#######[##...#.###.#
........#...........#.## #.#


You could see an ettin, a centaur warrior and an ice beast.

Vanquished Creatures
  Frances (D:14)
  Donald (Orc:2)
  The ghost of Sicongea the Fencer, a journeyman MiFi of Okawaru (D:14)
  2 ettins
  Snorg (D:13)
  12 hydras
  Harold (D:7)
  3 catoblepae (Lair:6)
  A death knight (D:13)
  A centaur warrior (D:15)
  18 death yaks
  5 two-headed ogres
  3 tengu warriors
  3 orc high priests (Orc:2)
  Urug (Lair:3)
  Sonja (Orc:2)
  A deep elf knight (D:14)
  2 skeletal warriors (D:13)
  A glowing orange brain (D:14)
  A deep troll (D:15)
  A wizard (D:15)
  2 deep elf magi
  5 orc knights
  3 oklob plants
  A wolf spider zombie (D:15)
  9 ugly things
  7 orc sorcerers
  2 manticores (Lair:6)
  2 cyclopes (D:14)
  2 black mambas
  A gargoyle (D:15)
  2 torpor snails
  9 spiny frogs
  A kobold demonologist (D:15)
  7 komodo dragons
  7 rime drakes (Lair:6)
  3 efreet
  2 tengu conjurers (D:15)
  A freezing wraith (D:13)
  A meliai (shapeshifter) (D:14)
  A hornet (D:7)
  6 trolls
  Grinder (D:5)
  A harpy skeleton (D:15)
  A polar bear (Lair:5)
  18 blink frogs
  18 hippogriffs
  2 dream sheep (D:9)
  Sigmund (D:3)
  A meliai zombie (D:15)
  2 shadows
  A wraith (D:14)
  32 yaks
  7 basilisks
  5 wyverns
  A yak (shapeshifter) (D:15)
  Menkaure (D:6)
  3 vampire mosquitoes (Lair:4)
  6 wargs
  2 acid dragons
  12 water moccasins
  2 hell hounds (Lair:6)
  Duvessa (D:7)
  32 orc warriors
  3 porcupines
  2 ice beasts
  5 black bears
  4 necrophages
  3 sky beasts
  5 boggarts (D:14)
  2 phantoms
  16 ogres
  5 wolves (Lair:3)
  2 eyes of draining (D:15)
  8 crocodiles
  3 centaurs
  7 big kobolds
  16 bullfrogs
  Blork the orc (D:5)
  2 wyvern skeletons
  Dowan (D:7)
  4 scorpions
  16 killer bees
  2 electric eels (D:6)
  2 howler monkeys
  3 crimson imps
  5 centaur zombies
  10 hounds
  16 orc priests
  Crazy Yiuf (D:7)
  3 jellies
  4 centaur skeletons
  3 iguanas
  Jessica (D:2)
  3 bullfrog skeletons
  16 orc wizards
  Terence (D:2)
  7 worker ants
  A hound zombie (D:7)
  A worker ant zombie (D:8)
  Robin (D:4)
  3 gnolls (D:10)
  A howler monkey skeleton (D:9)
  13 adders
  2 river rats
  5 shadow imps
  An ooze (D:6)
  An adder skeleton (D:8)
  4 worms
  2 dart slugs (D:1)
  5 leopard geckos
  75 orcs
  9 bats
  4 giant cockroaches
  16 goblins
  11 hobgoblins
  16 jackals
  7 quokkas
  4 ball pythons
  2 frilled lizards (D:1)
  32 kobolds
  2 leopard gecko skeletons
  15 rats
  A plant (D:11)
701 creatures vanquished.

Vanquished Creatures (collateral kills)
  An orc warlord (Orc:2)
  A death yak (Lair:6)
  An orc high priest (Orc:2)
  An orc sorcerer (Orc:2)
  2 trolls (Orc:2)
  2 yaks (Lair:6)
  3 orc warriors (Orc:2)
  An orc priest (Orc:2)
  2 orcs (Orc:2)
14 creatures vanquished.

Vanquished Creatures (others)
  An eye of draining (D:14)
  10 fungi
  4 plants
15 creatures vanquished.

Grand Total: 730 creatures vanquished

Notes
Turn   | Place    | Note
-------+----------+-------------------------------------------
     0 | D:1      | Curus the Minotaur Monk began the quest for the Orb.
     0 | D:1      | Reached XP level 1. HP: 19/19 MP: 0/0
    92 | D:1      | Reached skill level 4 in Maces & Flails
   207 | D:1      | Reached XP level 2. HP: 15/26 MP: 1/1
   379 | D:1      | Reached skill level 5 in Maces & Flails
   406 | D:1      | Reached XP level 3. HP: 31/31 MP: 2/2
   884 | D:2      | Noticed Jessica
   898 | D:2      | Killed Jessica
   898 | D:2      | Reached skill level 6 in Maces & Flails
   898 | D:2      | Reached XP level 4. HP: 37/39 MP: 3/3
  1122 | D:2      | Noticed Terence
  1134 | D:2      | Killed Terence
  1684 | D:3      | Reached XP level 5. HP: 45/45 MP: 4/4
  1778 | D:3      | Reached skill level 7 in Maces & Flails
  1807 | D:3      | Noticed Sigmund
  2231 | D:3      | Killed Sigmund
  2231 | D:3      | Reached skill level 8 in Maces & Flails
  2231 | D:3      | Reached XP level 6. HP: 5/51 MP: 5/5
  2848 | D:4      | Reached skill level 9 in Maces & Flails
  2883 | D:4      | Gained mutation: You have sharp toenails. [potion of
                  | mutation]
  2883 | D:4      | Gained mutation: You have a beak for a mouth. [potion of
                  | mutation]
  2883 | D:4      | Gained mutation: You are partially covered in icy blue
                  | scales. (AC +2) [potion of mutation]
  2883 | D:4      | Gained mutation: You are robust. (+10% HP) [potion of
                  | mutation]
  2892 | D:4      | Found a staircase to the Ecumenical Temple.
  2900 | Temple   | Entered the Ecumenical Temple
  2910 | Temple   | Became a worshipper of Makhleb the Destroyer
  2910 | Temple   | Reached * piety under Makhleb
  2910 | Temple   | Reached ** piety under Makhleb
  3220 | D:4      | Got a faintly glowing cloak
  3226 | D:4      | Identified the -3 cloak "Myxaedgh" {rElec Dex-5 Slay+5
                  | Stlth-} (You found it on level 4 of the Dungeon)
  3301 | D:4      | Noticed Robin
  3314 | D:4      | Killed Robin
  3314 | D:4      | Reached XP level 7. HP: 44/62 MP: 6/6
  3451 | D:4      | Reached skill level 10 in Maces & Flails
  3584 | D:5      | Entered Level 5 of the Dungeon
  3609 | D:5      | Noticed Grinder
  3614 | D:5      | Killed Grinder
  3632 | D:5      | Found a glowing drain.
  3643 | Sewer    | Entered a sewer
  3703 | Sewer    | Reached *** piety under Makhleb
  3706 | Sewer    | Reached skill level 11 in Maces & Flails
  3729 | Sewer    | Found a white marble altar of Elyvilon.
  3878 | D:5      | Reached XP level 8. HP: 70/70 MP: 7/7
  4011 | D:5      | Noticed Blork the orc
  4016 | D:5      | Killed Blork the orc
  4193 | D:5      | Reached skill level 12 in Maces & Flails
  4570 | D:6      | Noticed Menkaure
  4573 | D:6      | Killed Menkaure
  4628 | D:6      | Reached skill level 13 in Maces & Flails
  4890 | D:6      | Reached XP level 9. HP: 76/77 MP: 8/8
  4891 | D:6      | Reached **** piety under Makhleb
  4920 | D:6      | Found a shattered altar of Ashenzari.
  5019 | D:6      | Reached skill level 14 in Maces & Flails
  5302 | D:7      | Noticed Harold
  5343 | D:7      | Killed Harold
  5343 | D:7      | Reached skill level 15 in Maces & Flails
  5560 | D:7      | Found a runed translucent door.
  5561 | D:7      | Noticed Crazy Yiuf
  5825 | D:7      | Reached skill level 16 in Maces & Flails
  5826 | D:7      | Noticed Dowan
  5827 | D:7      | Noticed Duvessa
  5834 | D:7      | Killed Dowan
  5838 | D:7      | Killed Duvessa
  5838 | D:7      | Reached skill level 1 in Armour
  6046 | D:7      | Killed Crazy Yiuf
  6116 | D:8      | Noticed a two-headed ogre
  6129 | D:8      | Killed a two-headed ogre
  6129 | D:8      | Reached skill level 5 in Fighting
  6129 | D:8      | Reached XP level 10. HP: 88/89 MP: 9/9
  6133 | D:8      | Reached ***** piety under Makhleb
  6362 | D:8      | Noticed a two-headed ogre
  6371 | D:8      | Killed a two-headed ogre
  6371 | D:8      | Reached skill level 5 in Armour
  6724 | D:9      | Found a staircase to the Orcish Mines.
  7124 | D:9      | Reached XP level 11. HP: 105/105 MP: 10/10
  7144 | D:9      | Noticed a two-headed hydra
  7150 | D:9      | Killed a two-headed hydra
  7261 | D:9      | Found an ornate altar of the Wu Jian Council.
  7522 | D:9      | Found Luniz's Lightly-Used Armoury.
  7536 | D:9      | Bought a -1 demon whip for 140 gold pieces
  7648 | D:10     | Entered Level 10 of the Dungeon
  7878 | D:10     | Reached skill level 10 in Fighting
  8027 | D:10     | Found a sparkling altar of Nemelex Xobeh.
  8536 | D:11     | Found an opulent altar of Gozag.
  8812 | D:11     | Noticed a two-headed ogre
  8820 | D:11     | Killed a two-headed ogre
  8820 | D:11     | Reached skill level 10 in Armour
  8854 | D:11     | Found a staircase to the Lair.
  8856 | D:11     | Noticed an oklob plant
  8862 | D:11     | Noticed an oklob plant
  8870 | D:11     | Killed an oklob plant
  8882 | D:11     | Killed an oklob plant
  8912 | Lair:1   | Entered Level 1 of the Lair of Beasts
  8914 | Lair:1   | Reached skill level 1 in Invocations
  8971 | Lair:1   | Reached skill level 1 in Evocations
  9423 | Lair:1   | Reached XP level 12. HP: 93/121 MP: 14/14
  9844 | Lair:2   | Reached skill level 5 in Invocations
  9881 | Lair:2   | Reached ****** piety under Makhleb
 10347 | Lair:3   | Noticed Urug
 10377 | Lair:3   | Killed Urug
 10529 | Lair:3   | Noticed a seven-headed hydra
 10536 | Lair:3   | Killed a seven-headed hydra
 11084 | Lair:4   | Reached skill level 5 in Evocations
 11087 | Lair:4   | Noticed a five-headed hydra
 11099 | Lair:4   | Killed a five-headed hydra
 11114 | Lair:4   | Found a staircase to the Swamp.
 11501 | Lair:4   | Found a hole to the Spider Nest.
 11637 | Lair:4   | Found a burning altar of Makhleb.
 11917 | Lair:5   | Noticed a six-headed hydra
 11930 | Lair:5   | Killed a six-headed hydra
 11936 | Lair:5   | Noticed a death yak
 11937 | Lair:5   | Noticed a death yak
 11938 | Lair:5   | Noticed a death yak
 11938 | Lair:5   | Noticed a death yak
 11947 | Lair:4   | Killed a death yak
 11952 | Lair:4   | Killed a death yak
 11952 | Lair:4   | Reached skill level 10 in Invocations
 11952 | Lair:4   | Reached XP level 13. HP: 78/127 MP: 5/19
 12703 | Lair:6   | Entered Level 6 of the Lair of Beasts
 12758 | Lair:6   | Found a runed translucent door.
 12758 | Lair:6   | Noticed brucemayne's ghost (journeyman HOMo)
 12769 | Lair:6   | Found a staircase to the Slime Pits.
 12769 | Lair:6   | Found a viscous altar of Jiyva.
 13052 | Lair:6   | Reached XP level 14. HP: 122/136 MP: 14/23
 13233 | Lair:6   | Reached skill level 15 in Invocations
 13319 | Lair:6   | Found the +8 whip "Snakebite" {curare, rPois}
 13482 | Lair:6   | Got a crude copper ring
 13490 | Lair:6   | Identified the ring of Megalomania {Fire rPois MP-9 Int+4}
                  | (You found it on level 6 of the Lair of Beasts)
 14510 | Orc:1    | Entered Level 1 of the Orcish Mines
 14668 | Orc:2    | Entered Level 2 of the Orcish Mines
 14668 | Orc:2    | Found a staircase to the Elven Halls.
 14746 | Orc:2    | Noticed Donald
 14762 | Orc:2    | Killed Donald
 15178 | Orc:1    | Found Moaqunuc's Food Boutique.
 15362 | Orc:1    | Found a bloodstained altar of Trog.
 15567 | Orc:2    | Noticed Sonja
 15620 | Orc:2    | Killed Sonja
 15732 | Orc:2    | Found Rymihaf's Book Shoppe.
 15743 | Orc:2    | Found Nitex's General Store.
 15773 | Orc:2    | Bought 2 potions of curing for 84 gold pieces
 15782 | Orc:2    | Noticed an orc warlord
 15783 | Orc:2    | Found Zuthiv's Antique Armour Shoppe.
 15796 | Orc:2    | Killed an orc warlord
 15940 | Orc:2    | Found Newor's Antique Weapon Shop.
 15967 | Orc:2    | Bought a pair of glowing boots for 247 gold pieces
 16636 | D:12     | Found Emamocw's Jewellery Shop.
 16679 | D:12     | Reached XP level 15. HP: 143/147 MP: 21/25
 17511 | D:13     | Noticed Snorg
 17521 | D:13     | Killed Snorg
 18067 | D:14     | Noticed Frances
 18079 | D:14     | Killed Frances
 18107 | D:14     | Found a runed translucent gate.
 18107 | D:14     | Found a runed translucent gate.
 18107 | D:14     | Found an opulent altar of Gozag.
 18107 | D:14     | Found a runed translucent gate.
 18245 | D:14     | Found a gate to the Vaults.
 18335 | D:14     | Found Pufol's Assorted Antiques.
 18335 | D:14     | Noticed Sicongea's ghost (journeyman MiFi)
 18621 | D:14     | Found a shattered altar of Ashenzari.
 18760 | D:15     | Entered Level 15 of the Dungeon
 18877 | D:15     | Identified Roxanne's Almanac of the Mountains
 18877 | D:15     | Noticed Roxanne
 19036 | D:15     | Found a staircase to the Depths.
 19284 | D:14     | Killed Sicongea's ghost
 19284 | D:14     | Reached skill level 15 in Fighting
 19288 | D:14     | Slain by an ettin

Levels and vault maps discovered:
D:1:      nicolae_arrival_memento_mori, layout_loops_cross
D:2:      layout_loops_corners, first_ration, uniq_terence, uniq_jessica
D:3:      layout_loops_ring, uniq_sigmund
D:4:      kennysheep_goblin_castle, layout_rooms, minmay_temple_entry_tees,
          uniq_robin
D:5:      layout_loops_ring, portal_sewer_entry_e, uniq_grinder,
          uniq_blork_the_orc
D:6:      layout_cave_pods, basic_altar, serial_bayou, serial_bayou_pond_c,
          serial_bayou_ford_a, serial_bayou_shore_b, serial_bayou_crossing,
          uniq_menkaure
D:7:      layout_loops_ring, uniq_harold, uniq_crazy_yiuf_cottage, uniq_duvessa
D:8:      minmay_polygon_palace, layout_rooms
D:9:      layout_loops_corners, marbit_many_paths, orc_0_dummy, hangedman_ranch
          [blue_anna_fruit_fields], minivault_10, minmay_shop_damaged
D:10:     layout_stronghold, basic_altar
D:11:     layout_basic, dpeg_oklobed_lair, grunt_gozag_breadcrumbs
D:12:     layout_long_grid, serial_shops, shop_statue
D:13:     layout_gridville, uniq_snorg
D:14:     layout_loops_ring, david_vaults_4, hangedman_abyss_or_decor_stagger,
          basic_altar, ebering_ghost_gozag, uniq_frances
D:15:     hangedman_depths_entry_civil_slaughter, layout_gridville, hex_medium,
          uniq_roxanne
Temple:   dpeg_three_leaves_temple
Lair:1:   layout_cave_pods, infiniplex_staircase_pool
Lair:2:   layout_chaotic_city
Lair:3:   layout_hall_layers, minivault_23, grunt_megastairs_3, uniq_urug
Lair:4:   layout_gridlike, minmay_swamp_entry_swarm, dummy_spider_entry,
          lemuel_oklob_altar
Lair:5:   layout_loops_ring, patterned_corridor, infiniplex_staircase_pool_2
Lair:6:   evilmike_catoblepas_cave, layout_cave_pods, slime_altar_1,
          ebering_ghost_reflecting_pool, special_room
          [special_room_mythical_zoo], st_stairs_6, small_statue_intersection,
          gammafunk_lair_bear_cave
Orc:1:    layout_diamond_mine, serial_shops, shop_statue, trog_book
Orc:2:    grunt_orc_gardens, layout_caves, grunt_orc_garden, grunt_orc_garden,
          grunt_orc_garden, grunt_orc_garden, nicolae_orc_crystal_geode,
          uniq_donald, uniq_sonja

Skill      XL: |  1  2  3  4  5  6  7  8  9 10 11 12 13 14 15 |
---------------+----------------------------------------------+-----
Maces & Flails | 4 5 6 8 9 11 13 16 | 16.0
Fighting       | 5 9 11 12 15 | 15.0
Armour         | 3 8 10 12 14 | 14.6
Invocations    | 4 10 14 15 | 15.7
Evocations     | 2 6 |  6.3
Dodging        | |  3.2
Stealth        | |  1.5

Action                   |  1- 3 |  4- 6 |  7- 9 | 10-12 | 13-15 || total
-------------------------+-------+-------+-------+-------+-------++-------
Melee: Mace              |    61 |   147 |   118 |       |       ||   326
       Headbutt          |     6 |    25 |    27 |    96 |   201 ||   355
       Kick              |       |    10 |    57 |   156 |   190 ||   413
       Peck              |       |     3 |    36 |    85 |   182 ||   306
       Morningstar       |       |       |   125 |   140 |       ||   265
       Demon whip        |       |       |       |   112 |       ||   112
       Dire flail        |       |       |       |   297 |   977 ||  1274
Invok: Lesser Servant of |       |       |       |       |     3 ||     3
       Minor Destruction |       |       |       |       |     1 ||     1
       Greater Servant o |       |       |       |       |     2 ||     2
       Major Destruction |       |       |       |       |     1 ||     1
Evoke: Wand              |       |       |       |       |     9 ||     9
  Use: Potion            |     3 |     1 |     7 |     7 |     4 ||    22
       Scroll            |     2 |       |     9 |     7 |     8 ||    26
 Stab: Sleeping          |     6 |     5 |       |       |       ||    11
       Invisible         |       |       |       |     2 |       ||     2
       Distracted        |       |       |       |       |     2 ||     2
       Paralysed         |       |       |       |       |     1 ||     1
  Eat: Chunk             |       |     8 |     9 |    10 |    14 ||    41
       Ration            |       |       |       |     2 |     3 ||     5
Armor: Leather armour    |     7 |    27 |     9 |       |       ||    43
       Chain mail        |       |       |    32 |    16 |       ||    48
       Plate armour      |       |       |       |   178 |   583 ||   761
Dodge: Dodged            |    33 |   108 |    82 |   236 |   368 ||   827
